 Dungeon Crawl Stone Soup version 0.28-a0-750-g7c675f85b1 (webtiles) character file.

Game seed: 16753547502317490002

39 ytrimaz the Chopper (level 3, 27/27 HPs)
             Began as a Demonspawn Gladiator on Oct 29, 2021.
             Quit the game on level 2 of the Dungeon.
             The game lasted 00:02:12 (1724 turns).

ytrimaz the Chopper (Demonspawn Gladiator)          Turns: 1724, Time: 00:02:13

Health: 27/27      AC:  4    Str: 15    XL:     3   Next: 26%
Magic:  3/3        EV: 12    Int:  9    God:
Gold:   71         SH:  0    Dex: 14    Spells: 2/2 levels left

rFire   . . .      SeeInvis .   a - +0 war axe
rCold   . . .      Faith    .   (no shield)
rNeg    . . .      Spirit   .   b - +0 leather armour
rPois   .          Reflect  .   c - +0 helmet
rElec   .          Harm     .   (no cloak)
rCorr   .          Rampage  .   (no gloves)
Will    .....                   (no boots)
Stlth   +.........              (no amulet)
HPRegen 0.09/turn               (no ring)
MPRegen 0.16/turn               (no ring)

@: no status effects
A: claws 1, magic regeneration
a: no special abilities


You were on level 2 of the Dungeon.
You visited 1 branch of the dungeon, and saw 2 of its levels.

You collected 71 gold pieces.

Inventory:

Hand Weapons
 a - a +0 war axe (weapon)
Missiles
 d - 3 throwing nets (quivered)
Armour
 b - a +0 leather armour (worn)
 c - a +0 helmet (worn)
Scrolls
 e - a scroll of amnesia
 f - a scroll of fear {unknown}
 g - a scroll of enchant armour
 h - a scroll of identify
 i - a scroll of vulnerability {unknown}
Potions
 j - a potion of invisibility {unknown}


   Skills:
 + Level 2.2 Fighting
 + Level 3.3 Axes
 - Level 1.7 Throwing
 + Level 3.1 Dodging
 * Level 0.4 Unarmed Combat


You had 2 spell levels left.
You didn't know any spells.
Your spell library was empty.

Dungeon Overview and Level Annotations

Branches:
Dungeon (2/15)

Altars:


Innate Abilities, Weirdness & Mutations

You have sharp fingernails.
You regenerate magic rapidly.


Message History

The quokka bites you but does no damage.
The quokka barely misses you.
You completely miss the quokka.
The quokka is heavily wounded.
The quokka barely misses you. The quokka barely misses you.
You barely miss the quokka.
The quokka is heavily wounded.
The quokka closely misses you.
You closely miss the quokka.
The quokka is heavily wounded.
The quokka bites you but does no damage.
The quokka bites you.
You slash the quokka!
You kill the quokka!
Unknown command.
i - a scroll labelled MYUCATOMNA
j - an inky potion A bat comes into view.
A bat is nearby!
A bat is nearby!
A bat is nearby!
A bat is nearby!
The bat barely misses you.
You barely miss the bat. The bat hits you but does no damage. The bat hits you.
You closely miss the bat. The bat hits you but does no damage.
The bat hits you. The bat misses you. The bat hits you but does no damage.
A bat is nearby!
You slash the bat!
You kill the bat!
Found a stone staircase leading down.
Found an escape hatch in the floor.
There is an escape hatch in the floor here.
An endoplasm comes into view.
The endoplasm moves out of view.
An endoplasm is nearby!
An endoplasm is nearby!
An endoplasm is nearby!
Are you sure you want to abandon this character and quit the game? (Confirm with "yes".)

#......# #......#
#......# #......# ##
#......#### ...
..........### ...#
#......##...##### ..#..
.......####...>.##..###.
...##### #####.@....#J.
...# ######.... ...## .
.#..## .#...# .#...###
.##....# .####..### ####
.# ##...#..>..


You could see an endoplasm.

Vanquished Creatures
  An adder (D:2)
  An orc (D:2)
  3 ball pythons (D:1)
  3 bats
  4 endoplasms
  3 goblins
  2 hobgoblins (D:1)
  5 kobolds
  A quokka (D:2)
  A frilled lizard (D:1)
  2 rats (D:1)
26 creatures vanquished.

Notes
Turn   | Place    | Note
-------+----------+-------------------------------------------
     0 | D:1      | ytrimaz the Demonspawn Gladiator began the quest for the
                  | Orb.
     0 | D:1      | Reached XP level 1. HP: 16/16 MP: 1/1
   479 | D:1      | Gained mutation: You regenerate magic rapidly. [demonic
                  | ancestry]
   479 | D:1      | Reached XP level 2. HP: 22/22 MP: 2/2
  1138 | D:2      | Gained mutation: You have sharp fingernails. [demonic
                  | ancestry]
  1138 | D:2      | Reached XP level 3. HP: 15/27 MP: 3/3
  1724 | D:2      | Quit the game

Illustrated notes

Levels and vault maps discovered:
D:1:      dpeg_arrival_lava_altar, layout_basic
D:2:      layout_rooms, minmay_strange_pillars, columned_hall_lemuel

Skill      XL: |  1  2 |
---------------+-------+-----
Dodging        | 3 |  3.1
Axes           | 3 |  3.3
Fighting       | |  2.2
Throwing       | |  1.7
Unarmed Combat | |  0.4

Action                   || total
-------------------------++-------
Melee: War axe           ||    74
  Use: Scroll            ||     2
 Stab: Sleeping          ||     1
Armor: Leather armour    ||    25
Dodge: Dodged            ||    61

Table legend: (Time is in decaauts)
 A = Elapsed time spent in this place.
 B = Non-inter-level travel time spent in this place.
 C = Inter-level travel time spent in this place.
 D = Time resting spent in this place.
 E = Time spent auto-exploring this place.
 F = Levels seen in this place.
 G = Mean time per level.
                   A        B        C        D        E       F      G
               +--------+--------+--------+--------+--------+-----+--------+
         Total |   1749 |   1745 |      4 |    231 |   1306 |   2 |  874.5 |
       Dungeon |   1749 |   1745 |      4 |    231 |   1306 |   2 |  874.5 |
               +--------+--------+--------+--------+--------+-----+--------+

Top non-repeatable levels by time:
     D:1: 1147 daAuts
     D:2: 601 daAuts
